Map: Neon Violet Square LE

Players

xBrAvExLuv - Winner!

  • Race: Protoss Protoss
  • Spawn Location: 5:00

destroyerguy

  • Race: Protoss Protoss
  • Spawn Location: 11:00

VOD

Have the link to the VOD?

Description

Time

  • Played on: Nov. 19, 2017, 7:40 p.m.
  • Length: 21:59
Show
View Real Time Build Order
Export as new Build Order

xBrAvExLuv Protoss - Winner!

Build Orders:  

Get SALT Encoding   

  12  0:01  Probe (Chrono Boost)  
  13  0:13  Probe (Chrono Boost)  
  14  0:22  Probe  
  14  0:25  Pylon  
  15  0:43  Probe  
  16  0:55  Probe  
  17  1:01  Gateway  
  17  1:04  Pylon  
  17  1:07  Probe (Chrono Boost)  
  18  1:17  Probe (Chrono Boost)  
  19  1:22  Probe  
  20  1:27  Assimilator  
  20  1:32  Assimilator  
  20  1:34  Probe  
  21  1:46  Probe  
  22  1:53  Cybernetics Core  
  22  1:58  Probe (Chrono Boost)  
  23  2:05  Pylon  
  23  2:10  Probe (Chrono Boost)  
  25  2:17  Probe (Chrono Boost)  
  25  2:24  Probe  
  25  2:29  Stalker  
  28  2:36  Probe  
  29  2:43  Robotics Facility  
  29  2:51  Nexus  
  29  2:54  Pylon  
  29  3:09  Shield Battery  
  29  3:10  Stalker  
  29  3:12  Warp Gate  
  31  3:14  Probe (Chrono Boost)  
  32  3:25  Gateway  
  32  3:26  Probe (Chrono Boost)  
  33  3:27  Pylon  
  33  3:28  Probe  
  33  3:31  Observer  
  35  3:40  Probe  
  36  3:47  Stalker  
  38  3:52  Observer  
  38  3:53  Probe  
  40  4:05  Probe  
  41  4:16  Gateway  
  42  4:17  Gateway  
  42  4:18  Twilight Council  
  42  4:20  Assimilator, Probe (Chrono Boost)  
  42  4:22  Probe (Chrono Boost)  
  45  4:32  Probe (Chrono Boost)  
  45  4:33  Pylon  
  45  4:34  Probe (Chrono Boost)  
  45  4:35  Probe  
  46  4:41  Probe  
  47  4:47  Observer, Probe  
  49  4:58  Blink (Chrono Boost)  
  50  5:00  Probe  
  50  5:04  Assimilator  
  50  5:09  Observer  
  50  5:12  Probe  
  52  5:24  Probe  
  53  5:36  Probe  
  54  5:47  Zealot x4  
  54  5:48  Probe  
  63  6:01  Pylon  
  63  6:04  Pylon  
  63  6:09  Nexus  
  63  6:10  Pylon  
  63  6:12  Pylon  
  63  6:13  Stalker x3  
  63  6:14  Stalker  
  63  6:16  Assimilator, Probe  
  72  6:19  Assimilator  
  72  6:21  Probe  
  73  6:28  Probe  
  73  6:29  Observer  
  75  6:33  Probe  
  75  6:39  Robotics Bay  
  76  6:40  Probe  
  76  6:43  Stargate  
  76  6:45  Probe  
  78  6:49  Charge  
  78  6:51  Pylon  
  78  6:52  Probe  
  78  6:53  Pylon  
  79  6:54  Forge  
  79  6:56  Forge  
  79  6:57  Forge  
  79  6:58  Probe  
  80  7:04  Probe  
  81  7:10  Probe  
  82  7:58  Extended Thermal Lance  
  82  8:00  Disruptor (Chrono Boost)  
  82  8:04  Pylon  
  85  8:10  Pylon  
  85  8:13  Fleet Beacon  
  85  8:16  Pylon  
  85  8:23  Pylon  
  85  8:27  Protoss Ground Weapons Level 1  
  85  8:28  Protoss Ground Armor Level 1, Protoss Shields Level 1, Pylon  
  85  8:39  Pylon  
  85  8:51  Pylon  
  85  8:55  Nexus  
  85  8:58  Pylon  
  85  9:07  Nexus  
  85  9:08  Carrier  
  91  9:14  Pylon  
  91  9:15  Nexus  
  91  9:20  Pylon  
  91  9:26  Pylon  
  91  10:15  Assimilator  
  91  10:16  Stargate  
  91  10:18  Assimilator  
  91  10:19  Stargate  
  91  10:21  Stargate  
  91  10:23  Stargate  
  91  10:24  Stargate  
  91  10:28  Pylon  
  91  10:30  Pylon  
  91  10:33  Pylon  
  91  10:44  Carrier (Chrono Boost)  
  97  10:55  Protoss Shields Level 2  
  97  10:57  Graviton Catapult  
  97  11:01  Protoss Air Armor Level 1  
  127  11:36  Carrier x3 (Chrono Boost)  
  127  11:38  Carrier (Chrono Boost)  
  124  11:41  Carrier (Chrono Boost)  
  124  11:55  Anion Pulse-Crystals  
  124  12:18  Assimilator  
  124  12:22  Assimilator  
  124  12:24  Pylon  
  124  12:26  Pylon  
  124  12:28  Pylon  
  124  12:41  Carrier x5 (Chrono Boost)  
  124  12:45  Protoss Air Weapons Level 1 (Chrono Boost)  
  154  13:11  Protoss Ground Weapons Level 2  
  154  13:13  Protoss Shields Level 3, Protoss Ground Armor Level 2  
  154  13:18  Observer Gravitic Boosters  
  154  13:50  Mothership (Chrono Boost)  
  162  14:15  Gravitic Drive  
  162  14:29  Protoss Air Armor Level 2 (Chrono Boost)  
  170  14:51  Tempest x4  
  170  14:52  Tempest  
  192  15:12  Probe  
  193  15:24  Probe  
  194  15:34  Tempest  
  200  15:37  Templar Archives  
  200  15:40  Dark Shrine  
  200  15:47  Gateway  
  200  15:50  Gateway  
  200  15:52  Gateway  
  200  15:55  Gateway  
  200  15:57  Gateway  
  200  16:24  Protoss Air Weapons Level 2 (Chrono Boost)  
  200  18:05  Shadow Stride (Chrono Boost)  
  200  18:20  Protoss Air Armor Level 3 (Chrono Boost), Psionic Storm  
  200  18:34  Protoss Ground Armor Level 3  
  200  18:35  Protoss Ground Weapons Level 3  
  193  19:10  Dark Templar x3  
  195  19:34  Dark Templar x3  
  195  19:35  Dark Templar x2  
  199  20:09  Archon  
Show
View Real Time Build Order
Export as new Build Order

destroyerguy Protoss 

Build Orders:  

Get SALT Encoding   

  12  0:02  Probe  
  13  0:15  Probe  
  14  0:30  Probe  
  15  0:41  Pylon  
  15  0:59  Probe  
  15  1:03  Gateway  
  16  1:12  Probe  
  16  1:17  Assimilator  
  17  1:21  Assimilator  
  17  1:24  Probe  
  18  1:36  Probe  
  18  1:37  Gateway  
  19  1:48  Probe  
  19  1:50  Zealot  
  22  2:00  Probe  
  23  2:14  Pylon  
  23  2:17  Pylon  
  23  2:27  Cybernetics Core  
  23  2:32  Zealot  
  23  2:35  Nexus  
  25  2:40  Assimilator  
  25  2:45  Assimilator  
  25  2:58  Probe  
  26  3:08  Pylon  
  26  3:10  Probe  
  27  3:12  Pylon  
  27  3:19  Warp Gate (Chrono Boost)  
  27  3:22  Probe  
  28  3:34  Probe  
  29  3:46  Probe  
  30  3:51  Gateway  
  30  3:53  Gateway  
  31  3:55  Probe  
  31  4:07  Probe  
  31  4:09  Stalker  
  32  4:13  Adept  
  36  4:20  Probe  
  37  4:30  Zealot  
  37  4:31  Zealot  
  37  4:32  Probe  
  38  4:44  Probe  
  43  4:56  Probe  
  44  5:08  Probe  
  45  5:23  Gateway  
  45  5:28  Gateway  
  45  5:33  Forge, Probe  
  46  5:45  Probe  
  46  5:46  Zealot x2  
  46  5:49  Stalker  
  53  5:50  Stalker  
  55  5:57  Probe  
  56  6:06  Twilight Council  
  56  6:09  Probe  
  57  6:21  Probe  
  58  6:28  Pylon  
  58  6:45  Robotics Facility  
  58  6:46  Robotics Facility  
  58  6:53  Probe  
  59  7:05  Probe  
  60  7:09  Dark Shrine  
  60  7:13  Templar Archives  
  60  7:17  Probe  
  61  7:29  Probe  
  62  7:41  Probe  
  63  7:47  Protoss Ground Weapons Level 1 (Chrono Boost)  
  63  8:05  Immortal  
  67  8:06  Immortal  
  71  8:18  Stalker  
  73  8:44  Immortal  
  73  8:45  Nexus  
  77  8:53  Assimilator  
  77  8:58  Assimilator  
  77  9:00  Pylon  
  77  9:02  Pylon  
  77  9:05  Pylon  
  77  9:10  Pylon  
  77  9:13  Pylon  
  77  9:18  Immortal  
  77  9:24  Immortal  
  85  9:25  Pylon  
  85  9:27  Pylon  
  85  9:30  Pylon  
  85  9:31  Protoss Ground Armor Level 1  
  75  9:54  Charge (Chrono Boost)  
  75  9:57  Immortal  
  79  10:03  Immortal  
  79  10:06  High Templar  
  85  10:07  High Templar  
  85  10:08  High Templar  
  89  10:17  Probe  
  90  10:22  Archon  
  90  10:29  Probe  
  90  10:32  Stalker  
  93  10:36  Immortal  
  93  10:41  Probe  
  93  10:42  Immortal  
  102  10:53  Probe  
  103  11:05  Probe  
  104  11:16  Immortal  
  104  11:18  Probe  
  101  11:21  Immortal  
  101  11:25  Protoss Shields Level 1  
  105  11:30  Probe  
  106  11:42  Probe  
  107  11:55  Immortal  
  107  11:57  Probe  
  107  12:01  Immortal  
  116  12:09  Probe  
  116  12:10  High Templar x2  
  116  12:11  High Templar x2  
  125  12:21  Probe (Chrono Boost)  
  126  12:33  Probe (Chrono Boost)  
  126  12:34  Immortal  
  131  12:43  Probe (Chrono Boost)  
  132  12:46  Archon  
  132  12:48  Probe  
  132  12:50  Archon  
  133  13:00  Probe  
  134  13:10  Stalker x2  
  134  13:11  Stalker  
  134  13:12  Probe  
  141  13:14  Stalker  
  143  13:24  Probe  
  144  13:34  High Templar  
  144  13:36  Stalker x2  
  144  13:38  Stalker  
  152  13:46  Pylon  
  152  13:48  Pylon  
  152  13:51  Pylon  
  152  13:53  Pylon  
  152  13:55  Archon  
  152  14:09  Zealot x4  
  160  14:19  Probe  
  161  14:31  Probe  
  162  14:43  Probe  
  163  14:46  Dark Templar x2  
  163  14:47  Dark Templar x2  
  171  14:55  Probe  
  168  15:07  Probe  
  168  15:08  Protoss Ground Weapons Level 2 (Chrono Boost)  
  161  15:18  Psionic Storm  
  159  15:44  Dark Templar x2  
  159  15:45  Dark Templar x2  
  167  15:53  Probe  
  168  16:05  Probe  
  169  16:17  Probe  
  170  16:29  Probe  
  170  16:31  Nexus  
  171  16:34  Assimilator  
  171  16:36  Assimilator  
  163  16:41  Probe  
  94  17:13  Protoss Ground Armor Level 2  
  86  17:32  Gateway  
  73  18:18  Stalker x2  
  73  18:19  Stalker x2  
  81  18:21  Stalker  
  83  18:57  Stalker  
  83  18:58  Stalker  
  83  18:59  Stalker x2  
  83  19:00  Stalker x2  
  95  19:23  Pylon  
  95  19:25  Pylon x2  
  95  19:30  Probe  
  96  19:41  Stalker  
  96  19:42  Probe  
  96  19:45  Stalker  
  101  19:46  Stalker  
  101  19:48  Stalker  
  101  19:49  Stalker  
  101  19:50  Stalker x2  
  111  19:54  Probe  
  112  20:05  Stalker  
  112  20:07  Probe  
  115  20:08  Stalker  
  117  20:19  Probe  
  118  20:29  Stalker x2  
  118  20:30  Stalker  
  118  20:31  Stalker  
  118  20:32  Stalker x2  
  130  21:05  Sentry  
  130  21:06  Sentry x6  
Tags
 
Add a new tag
Caveats
  • Supply blocks, unpowered buildings, or Contaminate may cause inaccurate times.
  • Supply counts are checked every 10 seconds.